 Dungeon Crawl Stone Soup version 0.19.5 (webtiles) character file.

6544 doot the Martial Artist (level 11, -2/77 HPs)
             Began as a Merfolk Transmuter on Mar 4, 2017.
             Was a Follower of Sif Muna.
             Slain by an unseen horror (9 damage)
             ... on level 11 of the Dungeon on Mar 5, 2017.
             The game lasted 00:55:15 (12952 turns).

doot the Martial Artist (Merfolk Transmuter)       Turns: 12952, Time: 00:55:16

Health: -2/77      AC:  7    Str: 10 (12) XL:     11   Next: 1%
Magic:  19/19      EV: 16    Int: 14 (15) God:    Sif Muna [*.....]
Gold:   155        SH:  0    Dex: 13 (14) Spells: 6 memorised, 1 level left

rFire  x . .     SeeInvis .     T - +7 spear of Nemelex Xobeh's Regard {venom, *Corrode rN++ MR+}
rCold  + . .     Gourm    .     Q - +2 robe {rN+}
rNeg   + + +     Faith    +     (no shield)
rPois  .         Spirit   .     (no helmet)
rElec  .         Reflect  .     u - +1 cloak
rCorr  .         Harm     .     J - +0 pair of gloves
MR     +....                    (no boots)
Stlth  ++........               h - amulet of faith
                                C - ring of ice
                                G - ring of loudness (curse)

@: no status effects
A: change form in water, swift swim, stealthy swim
a: Divine Energy, Renounce Religion


You were on level 11 of the Dungeon.
You worshipped Sif Muna.
Sif Muna was aware of your devotion.
You were hungry.

You visited 2 branches of the dungeon, and saw 12 of its levels.
You also visited: Sewer.

You collected 387 gold pieces.
You spent 232 gold pieces at shops.

Inventory:

Hand Weapons
 o - a +4 quarterstaff of chaos
 p - a +1 dagger of speed
 x - the +4 spear of Irrepressible Laughter {flame, rElec}
   (You found it on level 4 of the Dungeon)

   It has been specially enchanted to burn those struck by it, causing extra
   injury to most foes and up to half again as much damage against particularly
   susceptible opponents.
   It insulates you from electricity.
 T - the +7 spear of Nemelex Xobeh's Regard (weapon) {venom, *Corrode rN++ MR+}
   (You bought it in a shop on level 9 of the Dungeon)

   It poisons the flesh of those it strikes.
   It greatly protects you from negative energy.
   It affects your resistance to hostile enchantments.
   It may corrode you when you take damage.
Missiles
 a - 190 arrows
Armour
 b - a +0 robe
 u - a +1 cloak (worn)
 y - a +0 helmet
 J - a +0 pair of gloves (worn)
 Q - a +2 robe of positive energy (worn)
Magical Staves
 X - an uncursed staff of death
Jewellery
 h - an amulet of faith (around neck)
 w - a +6 amulet of reflection
 C - a ring of ice (right hand)
 G - a cursed ring of loudness (left hand)
Wands
 B - a wand of confusion (39/48)
 R - a wand of flame (21/48)
Scrolls
 g - 2 scrolls of random uselessness {unknown}
 i - 2 scrolls of immolation
 n - 4 scrolls of enchant armour
 v - 3 scrolls of teleportation
 z - 3 scrolls of remove curse
 F - a scroll of blinking {unknown}
 I - 2 scrolls of recharging {unknown}
 L - 5 scrolls of identify
 M - a scroll of acquirement {unknown}
 O - a scroll of vulnerability {unknown}
 V - a scroll of noise {unknown}
 W - a scroll of silence {unknown}
Potions
 e - 4 potions of magic
 k - 2 potions of brilliance
 l - a potion of cancellation
 q - a potion of berserk rage {unknown}
 r - 3 potions of degeneration
 s - a potion of cure mutation
 t - a potion of mutation {unknown}
 A - a potion of might
 D - a potion of resistance {unknown}
 E - a potion of lignification {unknown}
 H - a potion of heal wounds {unknown}
 S - a potion of haste {unknown}
 U - a potion of flight {unknown}
Books
 c - a book of Changes

   Spells                             Type                      Level
   a - Beastly Appendage              Transmutation                1
   b - Sticks to Snakes               Transmutation                2
   c - Spider Form                    Transmutation/Poison         3
   d - Ice Form                       Ice/Transmutation            4
   e - Blade Hands                    Transmutation                5
 j - a book of Geomancy

   Spells                             Type                      Level
   a - Sandblast                      Earth                        1
   b - Passwall                       Transmutation/Earth          2
   c - Stone Arrow                    Conjuration/Earth            3
   d - Petrify                        Transmutation/Earth          4
   e - Lee's Rapid Deconstruction     Earth                        5
 K - a book of Debilitation

   Spells                             Type                      Level
   a - Corona                         Hexes                        1
   b - Slow                           Hexes                        2
   c - Gell's Gravitas                Hexes/Translocation          3
   d - Inner Flame                    Hexes/Fire                   3
   e - Cause Fear                     Hexes                        4
   f - Leda's Liquefaction            Hexes/Earth                  4
 P - a book of Clouds

   Spells                             Type                      Level
   a - Mephitic Cloud                 Conjuration/Poison/Air       3
   b - Conjure Flame                  Conjuration/Fire             3
   c - Poisonous Cloud                Conjuration/Poison/Air       6
   d - Freezing Cloud                 Conjuration/Ice/Air          6
   e - Ring of Flames                 Charms/Fire                  7
Comestibles
 d - 11 bread rations
 f - 3 fruits
 N - a meat ration


   Skills:
 + Level 4.0 Fighting
 + Level 9.2 Polearms
 * Level 8.0 Dodging
 + Level 5.5 Stealth
 * Level 9.5 Unarmed Combat
 + Level 5.3 Spellcasting
 * Level 9.2 Transmutations
 + Level 2.5 Ice Magic
 + Level 0.8 Earth Magic
 + Level 2.1 Poison Magic


You had one spell level left.
You knew the following spells:

 Your Spells              Type           Power        Failure   Level  Hunger
a - Beastly Appendage     Tmut           ####..       1%          1    None
b - Spider Form           Tmut/Pois      ###.......   6%          3    ###....
c - Ice Form              Ice/Tmut       ####....     17%         4    ####...
d - Blade Hands           Tmut           ####......   12%         5    ######.
e - Sticks to Snakes      Tmut           ####....     1%          2    ##.....
f - Petrify               Tmut/Erth      ###.....     24%         4    ####...


Dungeon Overview and Level Annotations

Branches:
Dungeon (11/15)            Temple (1/1) D:7             Orc (0/2) D:10
   Lair: D:8-11

Altars:
Ashenzari
Cheibriados
Dithmenos
Elyvilon
Fedhas
Gozag
Hepliaklqana
Kikubaaqudgha
Makhleb
Nemelex Xobeh
Okawaru
Qazlal
Ru
Sif Muna
Trog
Uskayaw
Vehumet
Xom
Yredelemnul
Zin
The Shining One

Shops:
D:8 :   D:9 (

Annotations:
D:4 bosm's ghost, amateur FoFi


Message History

Okay, then.
Okay, then.
It was a potion of cancellation.
You feel magically purged. Something hits you.
* * * LOW HITPOINT WARNING * * *
It was a potion of degeneration.
There was something very wrong with that liquid.
You feel weakened.
You feel dopey.
You feel clumsy. Something barely misses you.
It was a potion of cure mutation.
It has a very clean taste.
Something hits you but does no damage. Something barely misses you.
The yak closely misses you. Something hits you.
* * * LOW HITPOINT WARNING * * *
You are feeling hungry.
Something hits you!
* * * LOW HITPOINT WARNING * * *
You feel better. Something barely misses you. The yak gores you!
* * * LOW HITPOINT WARNING * * *
You feel better. Something hits you!
You die...

...#....###########........#.....
...+....#.......########'###.....
...#....#.......'................
...#....#.......#Y...............
...#....#...#...#................
...#....'...#...#............####
...+....#...#...#............#
#..#....#...#.YY#####'###....#
#..#....#...#...@.......#....#
#..#....#...#...........#....#
#..#....#...#...........'....#
...######...............#....#
... ##..............#..<.# ...
#.##.....#.....#....#
#.##...........######
#...#####+###


You could see 2 yaks.

Vanquished Creatures
  2 trolls (D:11)
  A wraith (D:7)
  A wyvern (D:11)
  6 yaks
  Edmund (D:6)
  3 ice beasts
  2 phantoms
  5 orc warriors
  A sky beast (D:9)
  2 black bears
  4 ogres
  2 centaurs
  2 elf zombies (D:7)
  6 bullfrogs
  An elf skeleton (D:7)
  3 scorpions
  2 electric eels (D:6)
  4 killer bees (D:9)
  A wight (D:7)
  A bullfrog zombie (D:5)
  7 crimson imps
  2 quasits (D:8)
  2 jellies
  2 bullfrog skeletons
  A centaur zombie (D:9)
  A centaur skeleton (D:6)
  5 orc priests
  Crazy Yiuf (D:3)
  4 hounds
  2 human skeletons (D:7)
  2 human zombies (D:7)
  3 iguanas
  Terence (D:3)
  6 worker ants
  7 orc wizards
  2 mummies (D:7)
  Robin (D:3)
  3 gnolls (D:7)
  A howler monkey skeleton (D:7)
  16 adders
  2 shadow imps
  An adder zombie (D:8)
  An adder skeleton (D:5)
  3 worms
  A dart slug (D:1)
  8 leopard geckos
  41 orcs
  4 bats
  5 giant cockroaches
  13 goblins
  5 hobgoblins
  6 jackals
  2 quokkas
  5 ball pythons
  9 frilled lizards
  11 kobolds
  An orc zombie (D:7)
  5 rats
  4 plants (Sewer)
246 creatures vanquished.

Vanquished Creatures (collateral kills)
  Erolcha (D:11)
1 creature vanquished.

Grand Total: 247 creatures vanquished

Notes
Turn   | Place    | Note
-------+----------+-------------------------------------------
     0 | D:1      | doot the Merfolk Transmuter began the quest for the Orb.
     0 | D:1      | Reached XP level 1. HP: 15/15 MP: 3/3
   242 | D:1      | Reached XP level 2. HP: 16/21 MP: 3/5
   872 | D:2      | Reached XP level 3. HP: 26/26 MP: 4/6
  1129 | D:2      | Learned a level 3 spell: Spider Form
  1195 | D:2      | Reached XP level 4. HP: 26/32 MP: 5/7
  1512 | D:3      | Reached XP level 5. HP: 34/37 MP: 2/8
  1526 | D:3      | Learned a level 4 spell: Ice Form
  1779 | D:3      | Found a faded altar of an unknown god.
  1789 | D:3      | Noticed Robin
  2052 | D:3      | Found a shattered altar of Ashenzari.
  2599 | D:3      | Found a runed door.
  2599 | D:3      | Noticed Terence
  2611 | D:3      | Killed Terence
  2611 | D:3      | Reached skill level 5 in Unarmed Combat
  2611 | D:3      | Reached skill level 1 in Ice Magic
  2611 | D:3      | Reached XP level 6. HP: 36/43 MP: 6/9
  2963 | D:3      | Noticed Crazy Yiuf
  2969 | D:3      | Killed Crazy Yiuf
  2969 | D:3      | Reached skill level 5 in Transmutations
  3019 | D:3      | Killed Robin
  3235 | D:4      | Got a slimy spear
  3236 | D:4      | Identified the +4 spear of Irrepressible Laughter {flame, rElec} (You found it on level 4 of the Dungeon)
  3245 | D:4      | Noticed bosm's ghost (amateur FoFi)
  3779 | D:4      | Found a radiant altar of Vehumet.
  3786 | D:4      | Found a snail-covered altar of Cheibriados.
  3988 | D:5      | Entered Level 5 of the Dungeon
  4296 | D:5      | Reached skill level 1 in Stealth
  4344 | D:5      | Reached skill level 1 in Polearms
  4344 | D:5      | Reached XP level 7. HP: 47/49 MP: 8/11
  4428 | D:5      | Found a basalt altar of Yredelemnul.
  4493 | D:5      | Reached skill level 1 in Poison Magic
  5699 | D:6      | Reached XP level 8. HP: 48/56 MP: 9/13
  5805 | D:6      | Found a glowing drain.
  5810 | Sewer    | Entered a sewer
  6629 | D:6      | Noticed Edmund
  6646 | D:6      | Killed Edmund
  6646 | D:6      | Reached skill level 5 in Polearms
  7021 | D:6      | Found an ancient bone altar of Kikubaaqudgha.
  7186 | D:7      | Learned a level 5 spell: Blade Hands
  7244 | D:7      | Found a sacrificial altar of Ru.
  7399 | D:7      | Reached XP level 9. HP: 54/62 MP: 9/14
  7530 | D:6      | Reached skill level 5 in Dodging
  8220 | D:7      | Found a staircase to the Ecumenical Temple.
  8249 | Temple   | Entered the Ecumenical Temple
  8415 | Temple   | Became a worshipper of Sif Muna the Loreminder
  8841 | D:7      | Found an ancient bone altar of Kikubaaqudgha.
  9441 | D:8      | Reached XP level 10. HP: 70/70 MP: 8/16
  9458 | D:8      | Found Ruryuh's Book Shop.
  9469 | D:8      | Learned a level 2 spell: Sticks to Snakes
 10676 | D:9      | Reached * piety under Sif Muna
 11360 | D:9      | Found Dobuw's Antique Weapon Boutique.
 11363 | D:9      | Bought a bloodstained spear for 232 gold pieces
 11363 | D:9      | Identified the +7 spear of Nemelex Xobeh's Regard {venom, *Corrode rN++ MR+} (You bought it in a shop on level 9 of the Dungeon)
 11472 | D:9      | Reached skill level 5 in Spellcasting
 11654 | D:10     | Entered Level 10 of the Dungeon
 11668 | D:10     | Found a staircase to the Orcish Mines.
 11768 | D:10     | Noticed a gargoyle
 11908 | D:10     | Noticed a hill giant
 12014 | D:9      | Learned a level 4 spell: Petrify
 12531 | D:11     | Reached skill level 5 in Stealth
 12674 | D:11     | Noticed Erolcha
 12683 | D:11     | Paralysed by Erolcha for 5 turns
 12690 | D:11     | Killed Erolcha
 12822 | D:11     | Reached XP level 11. HP: 49/77 MP: 6/19
 12904 | D:11     | Noticed a hill giant
 12951 | D:11     | HP: 1/77 [yak (12)]
 12952 | D:11     | Slain by an unseen horror

Skill      XL: |  1  2  3  4  5  6  7  8  9 10 |
---------------+-------------------------------+-----
Transmutations | 3 4 5 6 8 9 |  9.2
Unarmed Combat | 4 5 6 8 9 |  9.5
Dodging        | 3 4 6 8 |  8.0
Ice Magic      | 1 2 |  2.5
Stealth        | 1 2 3 4 5 |  5.5
Polearms       | 1 4 7 8 9 |  9.2
Spellcasting   | 3 4 5 |  5.3
Poison Magic   | 1 2 |  2.1
Fighting       | 2 3 4 |  4.0
Earth Magic    | |  0.8

Action                   |  1- 3 |  4- 6 |  7- 9 | 10-12 || total
-------------------------+-------+-------+-------+-------++-------
Melee: Unarmed           |    80 |    91 |   123 |   113 ||   407
       Punch             |     1 |       |    15 |     2 ||    18
       Headbutt          |     7 |     8 |    26 |     3 ||    44
       Dagger            |       |    25 |       |       ||    25
       Spear             |       |    26 |   359 |    92 ||   477
       Quarterstaff      |       |     7 |       |       ||     7
       Tailslap          |       |       |    14 |       ||    14
 Cast: Beastly Appendage |    17 |    20 |    20 |     6 ||    63
       Spider Form       |       |     9 |    11 |     2 ||    22
       Ice Form          |       |       |     4 |     6 ||    10
       Blade Hands       |       |       |     2 |     8 ||    10
       Petrify           |       |       |       |     5 ||     5
       Sticks to Snakes  |       |       |       |     3 ||     3
  Use: Scroll            |       |       |    11 |     2 ||    13
       Potion            |       |       |     1 |     5 ||     6
 Stab: Sleeping          |       |     1 |    17 |     2 ||    20
       Petrified         |       |       |       |     7 ||     7
       Distracted        |       |       |       |     1 ||     1
       Petrifying        |       |       |       |     1 ||     1
  Eat: Chunk             |     1 |     6 |     7 |    16 ||    30
       Meat ration       |       |     1 |     2 |       ||     3
       Beef jerky        |       |     1 |       |       ||     1
       Pizza             |       |       |     1 |       ||     1
       Royal jelly       |       |       |       |     1 ||     1
Armor: Robe              |     7 |    27 |    25 |    23 ||    82
       Skin              |       |     2 |     7 |     7 ||    16
Dodge: Dodged            |    49 |   123 |   158 |   171 ||   501
Block: Other             |       |     9 |    52 |       ||    61
       Reflection        |       |     1 |     1 |       ||     2
